[Event "SixDays Budapest March GM A 2025"]
[Site "Budapest"]
[Date "2025.03.25"]
[Round "3.5"]
[White "Aczel, Gergely"]
[Black "Borgaonkar Akshay"]
[Result "0-1"]
[Annotator "TA"]
[ECO "D12"]
[WhiteElo "2487"]
[BlackElo "2418"]
[PlyCount "92"]
[EventDate "2025.03.23"]
[EventCountry "HUN"]
[SourceTitle "playchess.com"]
[Source "ChessBase"]
[SourceQuality "1"]
[TimeControl "5400+30"]

1. d4 d5 2. c4 c6 3. Nf3 Nf6 4. e3 Bf5 5. Nc3 e6 6. Nh4 Bg6 7. Be2 {[%emt 0:00:11] D12: Slav Defence: 3 Nf3 Nf6 4 e3 Bf5.} Nbd7 8. O-O Be7 9. g3 {[%emt 0:02:45] The position is equal.} O-O 10. Nxg6 hxg6 11. b3 Rc8 12. Bb2 a6 13. c5 $146 (13. a3 b5 14. c5 Re8 15. b4 Qc7 16. a4 e5 17. Bf3 Nf8 18. Bg2 N6d7 19. axb5 axb5 20. Bxd5 cxd5 21. Nxd5 {0-1 Wang,Y (2736)-Nguyen,N (2567) WMSG Rapid 1st 2008 (8)}) 13... a5 14. a3 b6 15. b4 Rb8 16. Qc2 bxc5 17. bxc5 e5 18. Rfb1 {[%emt 0:07:56] White plays on the queen side and is better} Re8 19. Bf3 Qc7 20. Ne2 exd4 21. exd4 Nf8 22. Bc1 Ne6 23. Be3 Nd7 (23... g5 $11) 24. h4 Bf6 25. Kg2 Rxb1 26. Rxb1 Rb8 27. Rxb8+ Qxb8 28. Qa4 Qc7 29. Bd2 Bd8 30. Nc1 $36 {[%emt 0:00:22][%mdl 2048] White has some pressure.} g5 31. Nb3 (31. hxg5 $16 {[%cal Og5g6] g6! would now be deadly.} Bxg5 32. Bxa5 (32. Qxa5 $2 Qxa5 33. Bxa5 Bxc1 $19)) 31... gxh4 $11 32. Bxa5 (32. Qxa5 Qxa5 33. Nxa5 Nxd4 $19) 32... Qc8 33. Bxd8 h3+ (33... Nxd8 $11 {remains equal.} 34. Bg4 (34. gxh4 Nf8 $15) 34... hxg3) 34. Kh2 $16 (34. Kxh3 $2 Ndxc5 35. Kg2 Nxa4 $19) 34... Nxd8 35. Bg4 $1 (35. Kxh3 $2 Nxc5+ (35... Nb6+ $2 36. Bg4 $19) 36. Bg4 Qxg4+ (36... Nxa4 37. Bxc8 Nb6 38. Bg4 $11) 37. Kxg4 Nxa4 $19) 35... Ne6 {[%emt 0:01:32] [#]} 36. Bxh3 (36. Nd2 $1 $16) 36... Ng5 $1 $11 37. Bg4 f5 $1 38. Be2 (38. Bxf5 $5 Qf8 $8 39. g4 $11 (39. Bxd7 $2 Qxf2+ 40. Kh1 Qf1+ 41. Kh2 Nf3#)) 38... Nf6 {[%emt 0:00:16][%cal Of5f4] ...f4! would now be deadly.} 39. Qa6 Qe8 ({Black should play} 39... Qe6 $1 $11) 40. Nd2 (40. Na5 Ng4+ 41. Kg1 (41. Bxg4 fxg4 42. Kg1 Nf3+ 43. Kg2 Qh5 $19) 41... Qe4 42. Bxg4 (42. Nxc6 $2 Nh3+ 43. Kf1 Qh1#) 42... fxg4 $19) (40. Qd3 $14) 40... Ng4+ $2 {[%emt 0:00:49] Excellent horsemanship.} (40... Ne6 $11) 41. Kg2 $18 Qe6 (41... Ne6 $142) 42. Qd3 Nf6 $2 (42... f4 {was called for.} 43. gxf4 Nh3 44. Qxh3 (44. Kxh3 $2 {is the wrong capture.} Nxf2+ 45. Kg2 Nxd3 $19) 44... Qxe2) 43. Qe3 Nge4 44. Nxe4 dxe4 {[%emt 0:00:09] White is clearly better.} 45. Qc1 Nd5 {[%emt 0:00:49][%cal Of5f4] [#]} 46. Bc4 $1 f4 {[%emt 0:00:33][%mdl 32768] Weighted Error Value: White=0.23 (precise) /Black=0.29 (precise)  Loss on time!?  Loses game:     	---       	Black=1      Mistake:       	White=3     	Black=5      Inaccurate:     	White=5     	Black=1      OK:         	White=14    	Black=10     Best:        	White=1     	Black=1      Strong:       	White=1     	Black=2} 0-1

[Event "SixDays Budapest March GM A 2025"]
[Site "Budapest"]
[Date "2025.03.26"]
[Round "4.1"]
[White "Moldagali, Beksultan"]
[Black "Borgaonkar Akshay"]
[Result "0-1"]
[Annotator "ChessBase"]
[ECO "B40"]
[WhiteElo "2398"]
[BlackElo "2418"]
[PlyCount "78"]
[EventDate "2025.03.23"]
[EventCountry "HUN"]
[SourceTitle "playchess.com"]
[Source "ChessBase"]
[SourceQuality "1"]
[TimeControl "5400+30"]

1. e4 c5 2. Nf3 e6 3. d4 cxd4 4. Nxd4 Nf6 5. Nc3 Nc6 6. g3 Bb4 7. Bg2 d5 8. exd5 exd5 9. O-O O-O 10. Bg5 Bxc3 11. bxc3 h6 12. Bf4 Bg4 13. Qd3 Qd7 14. Rfe1 Rfe8 15. Nxc6 bxc6 16. Qd4 Bh3 17. Bxh6 Bxg2 18. Kxg2 Qf5 19. Bf4 Qxc2 20. a4 Re4 21. Rxe4 Nxe4 22. Rc1 Qb2 23. Re1 c5 24. Qxd5 Qxf2+ 25. Kh3 Qxe1 26. Qxa8+ Kh7 27. Qc8 Qf1+ 28. Kh4 Qc4 29. g4 Qd5 30. Qf5+ Qxf5 31. gxf5 Nxc3 32. a5 c4 33. Kg4 Na2 34. a6 c3 35. Kf3 c2 36. Ke4 c1=Q 37. Bxc1 Nxc1 38. Kd5 Kh6 39. Kc6 Nd3 0-1

[Event "SixDays Budapest March GM A 2025"]
[Site "Budapest"]
[Date "2025.03.26"]
[Round "4.2"]
[White "Ostrovskiy, Aleksandr"]
[Black "Aczel, Gergely"]
[Result "1/2-1/2"]
[Annotator "TA"]
[ECO "B90"]
[WhiteElo "2394"]
[BlackElo "2487"]
[PlyCount "191"]
[EventDate "2025.03.23"]
[EventCountry "HUN"]
[SourceTitle "playchess.com"]
[Source "ChessBase"]
[SourceQuality "1"]
[TimeControl "5400+30"]

1. e4 c5 2. Nf3 d6 3. d4 cxd4 4. Nxd4 Nf6 5. Nc3 a6 6. Be3 e5 7. Nf3 Qc7 8. a4 Be7 9. Be2 O-O 10. O-O Be6 11. a5 Qd8 12. Nd5 Nbd7 13. Nxe7+ {[%emt 0:08:59] White has an edge.} Qxe7 14. Ng5 Rac8 15. c3 Bc4 16. Bxc4 Rxc4 17. Qb3 Rc7 18. f3 Nc5 19. Qa2 h6 20. Nh3 Ne6 21. Rad1 Ne8 22. Nf2 Rd7 23. Rd2 Nf6 24. Rfd1 Rc8 25. Nd3 Nc7 26. c4 Nce8 27. b3 Qe6 28. Nb4 g5 29. h3 Kg7 30. g4 Kg6 (30... Nc7 $142 31. Rd3 Kh7) 31. Rg2 Nc7 32. Qd2 Rh8 (32... Ng8 {was necessary.} 33. h4 f6 34. h5+ Kh7) 33. Kf2 $18 Qe7 {[%emt 0:00:28] [#]} 34. h4 $1 Ne6 (34... Nh7 35. Bb6) 35. Rh1 Rdd8 (35... Nh7 $142 36. Nd5 Qf8) 36. Rgh2 Kg7 37. Nd5 $2 (37. hxg5 $6 hxg5 38. Kg1 Nf4 $18) (37. Bb6 $18) 37... Nxd5 $16 38. Qxd5 (38. cxd5 Nf4 $11) 38... Rc8 39. Rd1 {[%emt 0:00:22][%csl Od6] White attacks a weakness} Rcd8 40. Bb6 Rd7 41. Rdh1 Qf6 (41... Nf4 $16 42. Qd2 h5) 42. Be3 Rdd8 43. Bb6 (43. Qxb7 Rb8 44. Qd7 (44. Qxa6 $2 Rxb3 45. c5 Nd4 $19) 44... Rxb3 45. hxg5 Rb2+ (45... Nxg5 46. Qf5 $16) 46. Kg1 (46. Kg3 $2 Qf4+ 47. Bxf4 exf4+ 48. Kh4 hxg5#) 46... Rb1+ 47. Kg2 Rb2+ 48. Kg1 (48. Kg3 $2 Qf4+ 49. Bxf4 exf4+ 50. Kh4 hxg5#) 48... Rb1+ 49. Kf2 Rb2+ 50. Kg1 $11) 43... Rd7 $1 44. Be3 Rdd8 $1 45. Qd2 (45. Qxb7 $6 Rb8 46. Qd7 (46. Qxa6 Rxb3 47. Rh3 Rb2+ 48. Kg1 Rhb8 $19) 46... Rxb3 47. hxg5 Rb2+ (47... Nxg5 48. Qf5 $16) 48. Kg1 (48. Kg3 $2 Qf4+ 49. Bxf4 exf4+ 50. Kh4 hxg5#) 48... Rb1+ 49. Kf2 Rb2+ 50. Kg1 Rb1+ 51. Kf2 Rb2+ $11) (45. hxg5 $142 hxg5 46. Rxh8 (46. Qxb7 Rxh2+ 47. Rxh2 Nd4 $11) 46... Rxh8 47. Rxh8 Kxh8 48. Qxb7) 45... Nf4 46. h5 Rc8 47. Rd1 Rc6 48. Kg3 Re8 49. Qb4 Re7 50. Rhd2 Rd7 51. Qa3 Qd8 52. Qa1 Ne6 53. Qa3 (53. Qa2 $16) 53... Qc7 (53... Nf4 $1 $11) 54. Rd5 Nf4 55. R5d2 (55. Kf2 $16) 55... Ne6 (55... Qd8 $11 {remains equal.}) 56. Rd5 (56. Qb4 $16) 56... Qd8 (56... Nf4 $11) 57. Qa1 Qe7 58. Qb2 Nc7 59. R5d2 {[%emt 0:00:11] White has space advantage and is better} Ne6 60. Kf2 Nf8 61. Rd5 Ne6 62. Qa3 Nf4 63. R5d2 $1 Qd8 64. Qb4 Ne6 65. Kf1 Qf6 66. Kg2 (66. Rxd6 $2 {perishes.} Qxf3+ 67. Kg1 Qxe3+ $19) 66... Qd8 67. Kf2 Qe7 68. Kg2 Qd8 $1 69. Rd5 Nc7 {[%emt 0:00:35] [#]} 70. R5d3 $1 Ne6 71. Kf2 Qe7 72. Qd2 Nf4 {[%emt 0:01:33] [#]} 73. Rc3 $1 Rdc7 74. Bb6 Rc8 75. Rc2 Qd7 76. Qb4 Re8 77. Rcd2 {[%emt 0:00:12][%cal Rd2d6] Really sharp!} Re6 78. Qa3 {[%emt 0:00:43][%cal Ob6c5] Threatens to win with Bc5!.} Qe7 79. Be3 Qf6 80. Qb4 Qe7 81. Kg3 Kg8 82. Ba7 Qc7 $1 83. Bb6 Qe7 84. Qa3 Kg7 85. Qa1 Kh7 86. Ba7 Qc7 87. Qa3 Kg7 88. Be3 Qe7 89. Bf2 Rf6 90. Ba7 Qc7 {[%emt 0:00:44] Inhibits Bb8.} 91. Be3 Qe7 92. Qa1 Qe6 93. Qa3 {[%emt 0:00:31] Active counter play!} Qe7 $1 94. Qb4 (94. Bxf4 $14 gxf4+ 95. Kh3) 94... Qc7 (94... Ne6 $1 $11) 95. Qa3 Qe7 96. Qb4 {[%emt 0:00:27] Weighted Error Value: White=0.26 (precise) /Black=0.20 (precise)   Missed win:     	White=1     	---        Mistake:       	White=6     	Black=8      Inaccurate:     	White=1     	Black=3      OK:         	White=42    	Black=23     Best:        	White=1     	Black=5      Strong:       	White=3     	Black=5} ({Better is} 96. Bxf4 $1 $14 gxf4+ 97. Kh2) 1/2-1/2

[Event "SixDays Budapest March GM A 2025"]
[Site "Budapest"]
[Date "2025.03.26"]
[Round "4.3"]
[White "Rohrer, Christophe"]
[Black "Berczes, David"]
[Result "1/2-1/2"]
[Annotator "ChessBase"]
[ECO "B40"]
[WhiteElo "2266"]
[BlackElo "2408"]
[PlyCount "77"]
[EventDate "2025.03.23"]
[EventCountry "HUN"]
[SourceTitle "playchess.com"]
[Source "ChessBase"]
[SourceQuality "1"]
[TimeControl "5400+30"]

1. e4 c5 2. Nf3 e6 3. Nc3 a6 4. g3 Nc6 5. Bg2 d6 6. O-O Nf6 7. d4 cxd4 8. Nxd4 Bd7 9. a4 Be7 10. Nxc6 Bxc6 11. Re1 O-O 12. a5 Rc8 13. Be3 Nd7 14. Na4 Qe8 15. Nb6 Nxb6 16. Bxb6 Qd7 17. c4 f5 18. b3 Bf6 19. Ra2 Bc3 20. Re3 Bb4 21. exf5 Bxg2 22. Kxg2 Rxf5 23. Rae2 Re8 24. Qd3 g6 25. Ra2 Qc6+ 26. Qe4 d5 27. cxd5 Qxd5 28. Ra4 Qxe4+ 29. Rxe4 Bc5 30. Bxc5 Rxc5 31. Rab4 Re7 32. Rb6 Rxa5 33. Reb4 Rd5 34. Rxb7 Rxb7 35. Rxb7 a5 36. Kf3 Rd2 37. Rb5 Ra2 38. Rb7 a4 39. bxa4 1/2-1/2

[Event "SixDays Budapest March GM A 2025"]
[Site "Budapest"]
[Date "2025.03.26"]
[Round "4.4"]
[White "Pap, Misa"]
[Black "Zia, Tahsin Tajwar"]
[Result "1-0"]
[Annotator "RC"]
[ECO "B22"]
[WhiteElo "2457"]
[BlackElo "2327"]
[PlyCount "87"]
[EventDate "2025.03.23"]
[EventCountry "HUN"]
[SourceTitle "playchess.com"]
[Source "ChessBase"]
[SourceQuality "1"]
[TimeControl "5400+30"]

1. e4 c5 2. c3 Nf6 3. e5 Nd5 4. Nf3 Nc6 5. d4 cxd4 6. Bc4 Nb6 7. Bb3 d5 8. exd6 Qxd6 9. O-O Be6 10. Bxe6 Qxe6 11. Nxd4 Qd7 12. Nxc6 Qxc6 13. Nd2 g6 14. Nf3 Bg7 15. Re1 e6 16. Bf4 O-O 17. Ne5 Qd5 18. Qb3 f6 19. c4 Qd4 20. Be3 Qxe5 21. Bxb6 Qf5 22. Bc7 Qc5 23. Bf4 e5 24. Be3 Qc6 25. Rad1 Kh8 26. Rd5 Rac8 27. Bxa7 Qxc4 28. Qxc4 Rxc4 29. Rd7 b5 30. Rb7 b4 31. Rd1 Rfc8 32. Be3 f5 33. b3 Rc2 34. g3 Bf8 35. Rdd7 Rxa2 36. Bg5 Ra6 37. Rxh7+ Kg8 38. Rhd7 Ra2 39. Rb6 Bc5 40. Rxg6+ Kf8 41. Bh6+ Ke8 42. Rb7 Bxf2+ 43. Kf1 Ra1+ 44. Kg2 1-0

[Event "SixDays Budapest March GM A 2025"]
[Site "Budapest"]
[Date "2025.03.26"]
[Round "4.5"]
[White "Uskov, Artem"]
[Black "Jake Shanty"]
[Result "1-0"]
[Annotator "TA"]
[ECO "D78"]
[WhiteElo "2461"]
[BlackElo "2336"]
[PlyCount "97"]
[EventDate "2025.03.23"]
[EventCountry "HUN"]
[SourceTitle "playchess.com"]
[Source "ChessBase"]
[SourceQuality "1"]
[TimeControl "5400+30"]

1. Nf3 Nf6 2. g3 g6 3. Bg2 Bg7 4. O-O O-O 5. d4 d5 6. c4 c6 7. Nc3 dxc4 8. e4 $1 {[%emt 0:00:15][%mdl 4] is recently more successful than 8.Ne5.} b5 9. Qe2 {[%emt 0:00:13] D78: Fianchetto Grünfeld: 6 0-0 c6.} Bb7 10. e5 Nd5 11. Ne4 {[%emt 0:00:29] The position is equal.} Na6 12. h4 {[%emt 0:06:27][%cal Bh2h4,Bh4h5,Bh5h6][%mdl 32] White sacrificed a pawn} Bc8 13. h5 Nab4 $146 (13... Bg4 14. h6 Bh8 15. Bd2 Nac7 16. Nc5 Qc8 17. Qe1 Ne6 18. Nxe6 Bxe6 19. Ng5 Bf5 {1-0 Fressinet,L (2630)-Samadov,R (2469) ChessKid Cup Play In blitz 2023 (9)}) 14. h6 Bh8 15. b3 Nd3 16. Ne1 $132 {[%emt 0:03:49][%mdl 2048] White is not keeping still} N5b4 17. Be3 Be6 18. a3 Nxe1 19. Rfxe1 (19. axb4 $2 Nxg2 20. Kxg2 cxb3 $19) 19... Nd3 20. Red1 Qd7 21. Qc2 Rad8 22. Rab1 Bd5 23. bxc4 bxc4 {[%emt 0:00:15][%csl Oa3,Od4] White has weak pawns} 24. Nd2 Qe6 $1 25. Kh2 {[%emt 0:11:30][%cal Od2c4] [#]} Bxg2 $2 (25... f6 $1 $17 {[%cal Rf6e5] stays on course.} 26. Nxc4 Bxc4 27. exf6 Nxf2 (27... Bxf6 28. Bh3 $17) 28. Bxf2 Rxf6) 26. Kxg2 $16 c5 27. Nxc4 (27. Qxc4 cxd4 28. Qxd3 dxe3 29. Qxe3 Qxe5 $15) 27... cxd4 {[%emt 0:00:10] ...Qc6+ is the strong threat.} 28. Qxd3 Rc8 29. Qxd4 Rxc4 30. Qd5 Bxe5 31. Qxe6 (31. Bxa7 Qxd5+ 32. Rxd5 Bd6 $11) 31... fxe6 32. Rb7 (32. Bxa7 Bd6 $11) 32... Kf7 33. Rdd7 (33. Rxa7 Bb8 $16) 33... Bf6 34. Rxa7 Rb8 35. a4 Rb2 36. a5 {[%emt 0:01:06] a6 is the strong threat.} Rc3 (36... Ra2 $1 $11) 37. Bd4 (37. Rd2 $16 Rxd2 38. Bxd2) 37... Bxd4 $14 38. Rxd4 {[%emt 0:00:01][%mdl 4096] Endgame KRR-KRR} g5 {[%emt 0:00:31] Wards off Rf4+} (38... Rc5 $14) 39. Rdd7 $16 Rcc2 40. Rxe7+ Kg6 {[%emt 0:00:06] [#]} 41. Rf7 ({And not} 41. Rxh7 Rxf2+ 42. Kh3 Rh2+ 43. Kg4 Rb4+ 44. Kf3 g4+ (44... Rb3+ 45. Ke4 $11) 45. Ke3 Ra2 $11) (41. Rxe6+ Kf5 42. Re3 Rxf2+ 43. Kg1 Rg2+ 44. Kf1 Rh2 $15) (41. Rg7+ $1 $18 Kxh6 42. Rxh7+ Kg6 43. Rag7+ Kf5 44. Rf7+ Kg4 45. Rf3) 41... Ra2 42. Rf8 {[%emt 0:01:57] White is more active.} (42. Rxh7 Rxf2+ 43. Kh3 Rh2+ 44. Kg4 Ra4+ 45. Kf3 Kf5 $17) 42... Rc5 43. Re7 ({Better is} 43. g4 $16 Rc4 44. Kg3 Rc3+ 45. Kh2) 43... Re5 $14 44. g4 Re4 45. Kf3 Re1 (45... Raa4 $11) 46. Rg7+ Kxh6 47. Rgg8 {[%emt 0:00:06][%cal Rf8f6] White mates.} Ra3+ 48. Kg2 Re4 49. Rf6# {[%emt 0:00:06] Weighted Error Value: White=0.16 (very precise) /Black=0.35  Loses game:     	---       	Black=2      Mistake:       	White=3     	Black=3      Inaccurate:     	White=7     	Black=3      OK:         	White=13    	Black=14     Best:        	White=4     	Black=6      Strong:       	---       	Black=1} 1-0

[Event "SixDays Budapest March GM A 2025"]
[Site "Budapest"]
[Date "2025.03.27"]
[Round "6.1"]
[White "Moldagali, Beksultan"]
[Black "Ostrovskiy, Aleksandr"]
[Result "1-0"]
[Annotator "TA"]
[ECO "C11"]
[WhiteElo "2398"]
[BlackElo "2394"]
[PlyCount "85"]
[EventDate "2025.03.23"]
[EventCountry "HUN"]
[SourceTitle "playchess.com"]
[Source "ChessBase"]
[SourceQuality "1"]
[TimeControl "5400+30"]

1. e4 e6 2. d4 d5 3. Nc3 Nf6 4. e5 Nfd7 5. f4 c5 6. Nf3 Nc6 7. Be3 a6 8. Ne2 {[%emt 0:00:07] C11: French: Classical System: 4 e5 and 4 Bg5 dxe4.} b6 9. c3 g6 10. g3 {[%emt 0:01:41] White is slightly better.} a5 11. Bh3 Ba6 12. O-O Be7 $146 (12... a4 13. Rf2 a3 14. b3 Be7 15. Rc1 Rc8 16. Kh1 cxd4 17. Nexd4 Nc5 18. Nxc6 Rxc6 {0-1 Bortnyk,O (2605)-Nakamura,H (2775) Titled Tuesday intern op 09th May Late blitz 2023 (9)}) 13. Rf2 Qc7 14. g4 h5 15. Ng5 (15. f5 $1 $14 hxg4 16. fxg6 gxh3 17. gxf7+ Kd8 18. Nf4) 15... hxg4 $11 16. Bxg4 {[%emt 0:00:02] A sharp opening} Bxg5 17. fxg5 Ne7 18. Nf4 O-O-O 19. a3 Qc6 20. b4 Nf5 21. Bxf5 (21. Qe1 {keeps more tension.} Rh7 22. a4 Bc4 23. Bxf5 gxf5 24. g6) 21... gxf5 22. bxc5 bxc5 23. g6 (23. Rg2 $14) 23... fxg6 $1 24. Nxg6 Rh7 {[%emt 0:01:59] Against Ne7+. Black is weak on the dark squares} 25. Rb1 Kc7 26. Rg2 Rg8 27. h4 Nf8 28. Nxf8 Rxf8 29. Qb3 $2 {[%emt 0:00:01] White attacks White is more active.} (29. dxc5 $16 {stays on course. and Rb6 would now be decisive} Rb8 (29... Rxh4 $2 30. Rb6 $18) 30. Rxb8 Kxb8 31. Rg8+ Kc7 32. h5) 29... a4 $2 (29... Rxh4 30. Rg7+ (30. dxc5 Rg4 $11) 30... Kd8 31. Bg5+ (31. dxc5 Rg4+ 32. Rxg4 fxg4 $18)) (29... Bd3 $19 {and ...c4 should not be overlooked} 30. Rbb2 a4 (30... Rxh4 31. Rg7+ Kd8 32. Qb8+ Qc8 33. Qd6+ Ke8 34. Re7#)) 30. Qb2 $2 (30. Qc2 $11) 30... f4 $2 (30... Rxh4 31. Rg7+ (31. dxc5 Rh7 $11) 31... Kd8 32. Bg5+ (32. dxc5 Rg4+ 33. Rxg4 fxg4 $18)) (30... Bd3 $19 31. Bh6 Rfh8 (31... Rxh6 32. Rg7+ Kd8 33. Qb8+ Qc8 34. Qd6+ Ke8 35. Re7#)) 31. Qc2 Rhf7 (31... Rxh4 $2 32. Bf2 Rh3 33. Rg7+ Kc8 34. Qb2 $18) 32. Bf2 f3 (32... cxd4 $1 $11 33. Qg6 (33. Bxd4 f3 $15) 33... Be2 (33... Qxc3 $2 34. Qxe6 Bb7 35. Qd6+ Kc8 36. Rb5 $18) (33... dxc3 34. Rb6 $16) 34. Bxd4 f3) 33. Rg4 $1 $14 cxd4 34. Rxd4 Rg8+ 35. Kh1 Bc4 (35... Rg2 $14) 36. Qd2 Rg2 (36... Bb3 $142) 37. Rb4 {[%emt 0:00:44] [#] Really sharp!} Qa6 $2 (37... Kc8 $16 {is more resistant.}) 38. Rf4 $18 Rd7 39. Rxf3 (39. Qd4 $142 {Threatening mate with Qc5+.} Bb5 40. Rxf3) 39... Rg4 40. Bb6+ Kc6 $2 (40... Qxb6 41. Rxb6 (41. Rxa4 $2 Qg1#) 41... Rxh4+ 42. Kg2 Rdh7) 41. Qf2 $2 (41. Qh6 $18 Re7 42. Rf8) 41... Rh7 $2 {[%emt 0:00:46][%mdl 8192] [#]} (41... d4 $16) 42. Qc5+ Kb7 43. Bc7+ {[%emt 0:00:08] What a bad dream for Black.   Weighted Error Value: White=0.62/Black=0.67  Loses game:     	White=2     	Black=2      Missed win:     	White=1     	Black=2      Mistake:       	White=3     	Black=4      Inaccurate:     	White=4     	Black=5      OK:         	White=12    	Black=7      Best:        	White=4     	Black=2      Strong:       	White=1     	Black=1} (43. Ba5+ $142 Bb5 44. Rxb5+ Qxb5 45. Qxb5+ Ka7 46. Qb6+ Ka8 47. Rf8#) 1-0

[Event "SixDays Budapest March GM A 2025"]
[Site "Budapest"]
[Date "2025.03.27"]
[Round "6.2"]
[White "Rohrer, Christophe"]
[Black "Borgaonkar Akshay"]
[Result "0-1"]
[Annotator "TA"]
[ECO "B40"]
[WhiteElo "2266"]
[BlackElo "2418"]
[PlyCount "92"]
[EventDate "2025.03.23"]
[EventCountry "HUN"]
[SourceTitle "playchess.com"]
[Source "ChessBase"]
[SourceQuality "1"]
[TimeControl "5400+30"]

1. e4 c5 2. Nf3 e6 3. Nc3 Nc6 4. Bb5 Nd4 5. O-O a6 6. Bd3 Nc6 {[%emt 0:00:28] B30: Sicilian: 2...Nc6 3 Bb5, lines without ...g6.} 7. b3 d6 8. Bb2 Nf6 {[%emt 0:01:53] The position is equal.} 9. Re1 e5 10. Nd5 g6 11. Bc4 Bg7 12. c3 O-O 13. h3 {[%emt 0:06:25] The position is symmetric and equal} Nxd5 14. Bxd5 Ne7 15. Bc4 $146 ({Predecessor:} 15. d4 Nxd5 16. exd5 exd4 17. cxd4 b6 18. Qd2 Bb7 19. Rad1 Rc8 20. dxc5 Rxc5 21. Bxg7 Kxg7 {½-½ Louis,T (2316)-Johansson,G (2210) Rilton Cup 46th 2016 (3)}) 15... b5 16. Bf1 f5 17. exf5 gxf5 18. c4 Ng6 19. d3 Bb7 20. g3 Rf7 21. Rb1 Bf6 22. Kh2 ({White should try} 22. Bg2 $15) 22... Qf8 23. Bc1 e4 (23... f4 {looks sharper.} 24. Bg2 Qc8 25. Bb2 Qd7) 24. Ng5 Bxg5 25. Bxg5 Ne5 26. Be2 {[%emt 0:01:47] [#]} (26. dxe4 $2 fxe4 27. Be3 Rxf2+ 28. Kh1 Rf3 $19 (28... Rxa2 $2 29. Bg2 $19)) (26. Re3 $1 $15) 26... f4 $1 $19 27. Rg1 f3 (27... fxg3+ $19 28. Rxg3 Ng6 (28... Rxf2+ 29. Kg1 $17)) 28. Bf1 $11 Rf5 29. Bf4 Rh5 30. Bxe5 dxe5 31. dxe4 Rd8 {[%emt 0:01:56] Prevents Qd7.} 32. Qc1 Bxe4 33. Rb2 b4 34. g4 (34. h4 $11 {keeps the balance.}) 34... Rh6 $17 {[%emt 0:00:09] Black is much more active.} 35. Qg5+ Rg6 36. Qxe5 {[%emt 0:00:15] [#]} Qd6 $1 $36 {[%emt 0:00:25][%mdl 2048] Black is in control.} 37. Qg3 (37. Qxd6 $17 {was the only chance.} Rgxd6 38. h4) 37... Qd4 38. Qf4 Qxb2 39. Qxe4 Qxf2+ 40. Kh1 Rf8 {[%emt 0:02:48][%cal Og6d6] And now ...Rd6! would win.} ({Much less strong is} 40... Qxa2 41. Qxf3 Qb2 42. Bg2 $19) 41. Qd5+ Kh8 42. Bd3 Qh4 43. Kh2 f2 44. Rf1 (44. Qe5+ Qf6 45. Qxf6+ Rgxf6 46. Rf1) 44... Rxg4 $19 {[%emt 0:00:52] ( -> ...Qg3+)} 45. Qe5+ Rg7 46. Bf5 Qg5 {[%emt 0:00:15] Weighted Error Value: White=0.68/Black=0.24 (precise)   Loses game:     	White=2     	---        Missed win:     	---       	Black=1      Mistake:       	White=3     	---        Inaccurate:     	White=4     	Black=5      OK:         	White=12    	Black=19     Best:        	White=3     	Black=3      Strong:       	---       	Black=1} (46... Rxf5 $142 47. Qe3 Qd8 48. Qe4 Qb8+ 49. Kh1 Qg3 (49... Rfg5 {is a self mate.} 50. Qg4 Rxg4 51. hxg4 Qg3 52. Rxf2 Qh3+ 53. Kg1 Rxg4+ 54. Rg2 Qxg2#) 50. Qe8+ Rg8 51. Qxg8+ Kxg8 52. Rxf2 Rxf2 53. a4 Qh2#) 0-1

[Event "SixDays Budapest March GM A 2025"]
[Site "Budapest"]
[Date "2025.03.27"]
[Round "6.3"]
[White "Pap, Misa"]
[Black "Aczel, Gergely"]
[Result "1/2-1/2"]
[Annotator "TA"]
[ECO "B22"]
[WhiteElo "2457"]
[BlackElo "2487"]
[PlyCount "37"]
[EventDate "2025.03.23"]
[EventCountry "HUN"]
[SourceTitle "playchess.com"]
[Source "ChessBase"]
[SourceQuality "1"]
[TimeControl "5400+30"]

1. e4 c5 2. c3 d5 3. exd5 Qxd5 4. d4 e6 5. Nf3 Nf6 6. Be3 cxd4 7. cxd4 Be7 {[%emt 0:00:06] B22: Sicilian: 2 c3.} 8. Nc3 Qd6 9. Bc4 O-O 10. O-O {[%emt 0:00:07] An uneventful encounter.   Weighted Error Value: White=0.07 (flawless) /Black=0.00 (flawless)   OK:         	White=2     	Black=2} Nc6 $146 11. a3 Rd8 12. Qe2 Bf8 13. Rad1 Nd5 14. Bg5 f6 15. Bc1 b6 16. Rfe1 Nce7 17. Bd3 Bd7 18. Qe4 Ng6 19. h4 {0-1 Bortnyk,O (2604)-Nakamura,H (2736) Titled Tuesday intern op 12th Oct blitz 2021 (10)} 1/2-1/2

[Event "SixDays Budapest March GM A 2025"]
[Site "Budapest"]
[Date "2025.03.27"]
[Round "6.4"]
[White "Uskov, Artem"]
[Black "Berczes, David"]
[Result "1/2-1/2"]
[Annotator "TA"]
[ECO "E07"]
[WhiteElo "2461"]
[BlackElo "2408"]
[PlyCount "51"]
[EventDate "2025.03.23"]
[EventCountry "HUN"]
[SourceTitle "playchess.com"]
[Source "ChessBase"]
[SourceQuality "1"]
[TimeControl "5400+30"]

1. Nf3 d5 2. g3 Nf6 3. Bg2 e6 4. O-O Be7 5. d4 O-O 6. c4 c6 7. Nc3 Nbd7 {[%emt 0:00:16][%cal Bb8d7,Bd7c5,Bc5d3][%mdl 32] 7...a5 is more advanced technology.} 8. Qd3 a5 {[%emt 0:00:35] E07: Closed Catalan: Main Line (5 Nf3 0-0 6 0-0 Nbd7).} 9. e4 dxe4 10. Nxe4 e5 $146 {[%emt 0:02:43] White is slightly better.} ({Predecessor:} 10... Nxe4 11. Qxe4 a4 12. Bf4 Qa5 13. Rad1 Rd8 14. a3 Nf6 15. Qe2 Bd7 16. Ne5 Be8 17. Rfe1 Rac8 18. g4 g6 19. Bg5 {1-0 Srihari,L (2431)-Masic,P (2242) Novi Sad Serbia op-A 2022 (4)}) 11. dxe5 Nxe4 12. Qxe4 Nc5 13. Qe3 Qd3 14. b3 Rd8 15. Qxd3 Nxd3 16. Be3 Bg4 17. Rad1 Bc5 18. Bxc5 Nxc5 19. h3 Bxf3 20. Bxf3 Nd3 {[%emt 0:06:10] [#]} 21. e6 $1 fxe6 22. Be4 Nc5 23. Bc2 Kf7 24. Kg2 (24. Bxh7 $2 {is the wrong capture.} g6 25. Rfe1 Kg7 26. Bxg6 (26. Rxd8 $2 Rxd8 27. a3 Rd4 $19) 26... Kxg6 $17) 24... h6 25. Kf3 e5 26. Rxd8 {[%emt 0:01:11] Weighted Error Value: White=0.08 (flawless) /Black=0.08 (flawless)   Inaccurate:     	White=1     	---        OK:         	White=8     	Black=6      Best:        	---       	Black=2} 1/2-1/2